 Dungeon Crawl Stone Soup version 0.29-a0-732-g3d7fbe0af2 (webtiles) character file.

Game seed: 2294349434243496902

88 YayAnonymity the Cudgeller (level 4, 0/42 HPs)
             Began as a Troll Gladiator on June 30, 2022.
             Succumbed to Sigmund's poison
             ... on level 2 of the Dungeon.
             The game lasted 00:02:18 (1270 turns).

YayAnonymity the Cudgeller (Troll Gladiator)        Turns: 1270, Time: 00:02:19

Health: 0/42       AC:  4    Str: 22    XL:     4   Next: 29%
Magic:  3/3        EV: 10    Int:  2    God:
Gold:   150        SH:  0    Dex: 13    Spells: 3/3 levels left

rFire   + . .      SeeInvis .   s - +7 Throatcutter {drain, coup de grace}
rCold   . . .      Faith    .   (no shield)
rNeg    . . .      Spirit   .   b - +0 robe
rPois   .          Reflect  .   c - +0 hat
rElec   .          Harm     .   (no cloak)
rCorr   .          Rampage  .   (gloves unavailable)
Will    .....                   (boots unavailable)
Stlth   +.........              p - amulet of magic regeneration
HPRegen 0.94/turn               f - ring of flight
MPRegen 0.48/turn               (no ring)

@: lethally poisoned (0 -> -11), flying
A: large, unfitting armour, claws 3, regeneration 1, shaggy fur 1, tough skin 1,
dopey 1, fire resistance 1, subdued magic 1
a: no special abilities


You were on level 2 of the Dungeon.
You visited 1 branch of the dungeon, and saw 2 of its levels.

You collected 150 gold pieces.

Inventory:

Hand Weapons
 a - a +0 flail
 s - the +7 Throatcutter (weapon) {drain, coup de grace}
   (You took it off Terence on level 2 of the Dungeon)

   A truly terrible weapon, it drains the life of any living foe it strikes.
   It may instantly kill foes which have little health.
Missiles
 d - 3 throwing nets (quivered)
 e - a large rock
Armour
 b - a +0 robe (worn)
 c - a +0 hat (worn)
Jewellery
 f - a ring of flight (left claw)
 p - an amulet of magic regeneration (around neck)
Wands
 r - a wand of polymorph (6)
Scrolls
 g - 3 scrolls of identify {unknown}
 i - 2 scrolls of enchant armour {unknown}
 j - a scroll of vulnerability {unknown}
 k - a scroll of enchant weapon {unknown}
 l - a scroll of teleportation {unknown}
Potions
 h - 2 potions of ambrosia
 m - a potion of invisibility {unknown}
 n - a potion of mutation
 o - a potion of curing {unknown}
 q - a potion of degeneration {unknown}
 t - a potion of might {unknown}


   Skills:
 + Level 2.2 Fighting
 * Level 3.9 Maces & Flails
 - Level 1.7 Throwing
 + Level 2.9 Dodging


You had 3 spell levels left.
You didn't know any spells.
Your spell library was empty.

Dungeon Overview and Level Annotations

Branches:
Dungeon (2/15)

Altars:

Annotations:
D:2 Sigmund


Innate Abilities, Weirdness & Mutations

You are too large for most types of armour.
You have claws for hands.
Your natural rate of healing is unusually fast.
You are covered in fur. (AC +1)
You have tough skin. (AC +1)
You are dopey. (Int -2)
Your flesh is heat resistant. (rF+)
Your spells are a little easier to cast, but a little less powerful.


Message History

You slash the adder!
You kill the adder!
Something hits you.
No target in view!
No target in view!
No target in view!
Something hits you.
You are poisoned.
You feel sick.
You feel sick.
You feel sick.
You feel sick.
You hear a splashing noise.
You feel sick.
You hear a splashing noise.
You feel sick.
You feel sick.
You are no longer poisoned.
Something hits you!
You are poisoned.
You feel very sick. Something hits you!
You are more poisoned.
You feel very sick.
You feel very sick.
You feel very sick.
It was a potion of ambrosia.
You are confused.
You feel invigorated.
You feel sick.
You bump into the rock wall.
You feel sick. Something hits you!
* * * LOW HITPOINT WARNING * * *
You are lethally poisoned!
You feel less invigorated.
You feel less confused.
* * * LOW HITPOINT WARNING * * *
You feel very sick.
It was a potion of mutation.
You feel extremely strange.
Your connection to magic feels subdued.
You feel resistant to heat.
You feel stupid.
You die...

..........<.....##.# #...# #..
........###.#+####.# ##### #..
........# #...# #.# #..
........#####.####.# ##.
...[...............# #.
############################# #.
.# #.P..#≈.P##.P...P## #.
#..#.#...##...)..P..P.###.
#..#.P#@#≈..P.≈P...P.##. ###
.P#P...†#.##.P.≈≈≈.....P#. ..#
......P≈P..#≈≈≈≈≈≈≈≈≈...#. #.#
≈≈≈.P≈≈≈≈..##≈≈≈≈#≈≈#≈.P#< #.#
≈≈≈≈≈≈≈≈≈≈P.#≈≈≈≈#≈≈#≈≈.#. #.#
≈≈≈≈.≈≈≈.≈≈≈≈≈.##≈≈≈#≈≈#≈≈≈#. #.#
#≈≈≈#≈≈≈#≈≈≈#≈≈.##≈≈####≈≈##.
#.####.###.###.###≈≈≈#≈## ##≈##.
#...#...#...#...#...≈#######.###.


There were no monsters in sight!

Vanquished Creatures
  Terence (D:2)
  2 adders (D:2)
  A dart slug (D:1)
  5 endoplasms
  A giant cockroach (D:2)
  2 goblins (D:1)
  2 hobgoblins (D:1)
  4 kobolds
  4 quokkas
  7 ball pythons
  7 bats (D:1)
  A frilled lizard (D:1)
  3 rats
40 creatures vanquished.

Vanquished Creatures (others)
  12 plants
12 creatures vanquished.

Grand Total: 52 creatures vanquished

Notes
Turn   | Place    | Note
-------+----------+-------------------------------------------
     0 | D:1      | YayAnonymity the Troll Gladiator began the quest for the
                  | Orb.
     0 | D:1      | Reached XP level 1. HP: 19/19 MP: 0/0
    19 | D:1      | Noticed a great orb of eyes
    22 | D:1      | Found a faded altar of an unknown god.
    24 | D:1      | Noticed a floating eye
    24 | D:1      | Noticed a shining eye
    24 | D:1      | Noticed a shining eye
   254 | D:1      | Reached skill level 3 in Maces & Flails
   254 | D:1      | Reached XP level 2. HP: 28/28 MP: 1/1
   305 | D:1      | You fall into a shaft and drop 1 floor!
   619 | D:1      | Reached XP level 3. HP: 35/35 MP: 2/2
  1118 | D:2      | Noticed Terence
  1124 | D:2      | Killed Terence
  1125 | D:2      | Reached XP level 4. HP: 12/42 MP: 3/3
  1247 | D:2      | Noticed Sigmund
  1270 | D:2      | Gained mutation: Your spells are a little easier to cast,
                  | but a little less powerful. [potion of mutation]
  1270 | D:2      | Gained mutation: Your flesh is heat resistant. (rF+)
                  | [potion of mutation]
  1270 | D:2      | Gained mutation: You are dopey. (Int -2) [potion of
                  | mutation]
  1270 | D:2      | Succumbed to Sigmund's poison

Illustrated notes

Levels and vault maps discovered:
D:1:      grunt_arrival_lava_bath, layout_basic, serial_bayou,
          serial_bayou_lagoon_a, serial_bayou_pond_d, serial_bayou_pond_e,
          serial_bayou_shore_a, serial_bayou_crossing,
          hellmonk_ecumenical_altar_watching_god, minmay_misc_feat_chi
D:2:      wad_lake_hut, layout_basic, minmay_misc_feat_enclosed, uniq_terence,
          uniq_sigmund

Skill      XL: |  1  2 |
---------------+-------+-----
Maces & Flails | 3 |  3.9
Fighting       | 2 |  2.2
Throwing       | |  1.7
Dodging        | |  2.9

Action                   |  1- 3 |  4- 6 || total
-------------------------+-------+-------++-------
Melee: Flail             |    95 |       ||    95
       Long sword        |       |     4 ||     4
Throw: Throwing net      |     1 |       ||     1
  Use: Potion            |       |     2 ||     2
 Stab: Held in net/web   |     1 |       ||     1
       Sleeping          |     1 |       ||     1
Armor: Robe              |    34 |     2 ||    36
Dodge: Dodged            |    47 |     2 ||    49

Table legend: (Time is in decaauts)
 A = Elapsed time spent in this place.
 B = Non-inter-level travel time spent in this place.
 C = Inter-level travel time spent in this place.
 D = Time resting spent in this place.
 E = Time spent auto-exploring this place.
 F = Levels seen in this place.
 G = Mean time per level.
                   A        B        C        D        E       F      G
               +--------+--------+--------+--------+--------+-----+--------+
         Total |   1329 |   1308 |     21 |      0 |   1001 |   2 |  664.5 |
       Dungeon |   1329 |   1308 |     21 |      0 |   1001 |   2 |  664.5 |
               +--------+--------+--------+--------+--------+-----+--------+

Top non-repeatable levels by time:
     D:1: 891 daAuts
     D:2: 437 daAuts
